 Dungeon Crawl Stone Soup version 0.16.1-14-g82efdee (webtiles) character file.

903 KarvaRausku the Carver (level 8, -6/44 HPs)
             Began as a Tengu Gladiator on Apr 13, 2015.
             Was a Believer of Okawaru.
             Asphyxiated
             ... on level 4 of the Dungeon.
             The game lasted 00:14:32 (5494 turns).

KarvaRausku the Carver (Tengu Gladiator)            Turns: 5494, Time: 00:14:33

Health: -6/44      AC: 11    Str: 18    XL:     8   Next: 7%
Magic:  11/11      EV:  8    Int:  9    God:    Okawaru [**....]
Gold:   150        SH:  0    Dex: 18    Spells: 0 memorised, 7 levels left

rFire  + . .     SeeInvis .     a - +0 long sword
rCold  . . .     Clarity  .     F - +0 chain mail
rNeg   . . .     SustAb   .     (no shield)
rPois  .         Gourm    .     k - +2 hat
rElec  .         Spirit   .     (no cloak)
rCorr  .         Warding  .     p - +0 pair of gloves
rMut   +         Stasis   .     (boots unavailable)
MR     .....                    v - amulet of resist mutation
Stlth  ..........               i - ring of protection from fire
                                o - +4 ring of dexterity

@: lethally poisoned (-6 -> -71), short of breath, slowed, very slow, not
resistant to hostile enchantments, extremely unstealthy
A: able to fly, beak, talons 3
a: Fly, Heroism, Renounce Religion


You were on level 4 of the Dungeon.
You worshipped Okawaru.
Okawaru was pleased with you.
You were hungry.

You visited 2 branches of the dungeon, and saw 6 of its levels.

You collected 150 gold pieces.

Inventory:

Hand weapons
 a - a +0 long sword (weapon)
Missiles
 d - 3 throwing nets (quivered)
Armour
 b - a +0 leather armour
 c - a +0 hat
 k - a +2 hat (worn)
 p - a +0 pair of gloves (worn)
 w - a +0 scale mail
 F - a +0 chain mail (worn)
Jewellery
 i - a ring of protection from fire (right hand)
 o - a +4 ring of dexterity (left hand)
 s - an uncursed ring of stealth
 t - an uncursed ring of sustain abilities
 v - an amulet of resist mutation (around neck)
Magical devices
 A - a wand of magic darts (28)
 C - a wand of frost (11)
Scrolls
 e - 2 scrolls of blinking {unknown}
 j - 4 scrolls of random uselessness
 l - 2 scrolls of enchant armour {unknown}
 n - 2 scrolls of amnesia {unknown}
 q - 3 scrolls of remove curse {unknown}
 u - 4 scrolls of identify
 x - a scroll of teleportation {unknown}
 y - a scroll of magic mapping
 D - a scroll of fog {unknown}
 E - a scroll of enchant weapon {unknown}
Potions
 h - a potion of lignification
 z - a potion of restore abilities
 G - a potion of brilliance
 H - a potion of ambrosia {unknown}
 J - a potion of curing {unknown}
Comestibles
 f - 3 bread rations
 g - 2 beef jerkies
 m - a slice of pizza
 r - a royal jelly
 B - 3 chunks of flesh
 I - 4 fruits


   Skills:
 - Level 2.0 Fighting
 + Level 10.3 Long Blades
 - Level 2.1 Throwing
 - Level 3.2 Dodging


You had 7 spell levels left.
You didn't know any spells.

Dungeon Overview and Level Annotations

Branches:
Dungeon (5/15)             Temple (1/1) D:4

Altars:
Ashenzari
Cheibriados
Dithmenos
Elyvilon
Fedhas
Gozag
Kikubaaqudgha
Makhleb
Nemelex Xobeh
Okawaru
Qazlal
Ru
Sif Muna
Vehumet
Yredelemnul
Zin
Lugonu

Annotations:
D:5 Sigmund


Innate Abilities, Weirdness & Mutations

You can fly.
You have a beak for a mouth.
You have claws for feet.


Message History

You have difficulty breathing.
You feel as though you will be slow longer.
You see here a curare-tipped needle.
* * * LOW HITPOINT WARNING * * *
You feel very sick.
Drink which item? (? for menu, Esc to quit)
Okay, then.
* * * LOW HITPOINT WARNING * * *
You feel sick.
The kobold shoots a curare-tipped needle.
The curare-tipped needle hits you.
You are more poisoned.
You have difficulty breathing.
* * * LOW HITPOINT WARNING * * *
You feel as though you will be slow longer.
The kobold shoots a curare-tipped needle.
The curare-tipped needle hits you.
You are more poisoned.
You have difficulty breathing.
You die...

#.#.##.......≈≈≈....##
#.#....)..###≈§§§≈..#
#.#####...#§≈≈≈#....# #.#
#≈≈≈#≈_.≈≈§...# #.#
#.≈≈#§K§≈§....#
#.#####.≈§≈≈§≈≈#≈...#
#........≈≈#.≈≈§§≈..#
#....#....≈.(.≈≈≈...#
#########....##.@.(.........#
.............##.............#
......†..........>(...#######
....################### ....#
....# ....# ....# ....#


You could see a kobold.

Vanquished Creatures
  A water moccasin (D:4)
  A black bear (D:5)
  A centaur (D:4)
  A giant frog (D:5)
  An orc priest (D:4)
  A jelly (D:5)
  2 hounds (D:5)
  An orc wizard (D:4)
  6 worker ants
  6 adders
  5 gnolls (D:5)
  A giant mite (D:5)
  4 worms
  6 giant geckos
  An ooze (D:4)
  11 orcs
  2 ball pythons
  12 bats
  A bat skeleton (D:5)
  4 giant cockroaches
  17 goblins
  14 hobgoblins
  9 jackals
  20 kobolds
  2 giant gecko skeletons (D:5)
  6 giant newts
  2 quokkas
  14 rats
  2 butterflies (D:4)
  2 plants (Temple)
156 creatures vanquished.

Notes
Turn   | Place    | Note
--------------------------------------------------------------
     0 | D:1      | KarvaRausku, the Tengu Gladiator, began the quest for the Orb.
     0 | D:1      | Reached XP level 1. HP: 12/12 MP: 1/1
   340 | D:1      | Reached XP level 2. HP: 17/17 MP: 3/3
   392 | D:1      | Reached skill level 4 in Long Blades
   929 | D:1      | Reached XP level 3. HP: 21/21 MP: 4/4
  1499 | D:2      | Found a glowing silver altar of Zin.
  1565 | D:2      | Reached skill level 5 in Long Blades
  1618 | D:2      | Reached XP level 4. HP: 22/26 MP: 5/5
  1934 | D:3      | Found a burning altar of Makhleb.
  2717 | D:3      | Reached skill level 6 in Long Blades
  2717 | D:3      | Reached XP level 5. HP: 24/30 MP: 7/7
  2838 | D:3      | HP: 2/45 [poisoned by a worker ant]
  3146 | D:4      | Noticed a water moccasin
  3163 | D:4      | Killed a water moccasin
  3163 | D:4      | Reached skill level 7 in Long Blades
  3163 | D:4      | Reached XP level 6. HP: 25/35 MP: 8/8
  3457 | D:4      | Found a staircase to the Ecumenical Temple.
  3464 | Temple   | Entered the Ecumenical Temple
  3500 | Temple   | Became a worshipper of Warmaster Okawaru
  3637 | D:4      | Found a deep blue altar of Sif Muna.
  3676 | D:4      | Found a stormy altar of Qazlal.
  3795 | D:4      | Found a white marble altar of Elyvilon.
  4076 | D:4      | Reached skill level 8 in Long Blades
  4204 | D:5      | Entered Level 5 of the Dungeon
  4269 | D:4      | Reached XP level 7. HP: 5/40 MP: 9/9
  4552 | D:5      | Found a shadowy altar of Dithmenos.
  4625 | D:5      | Acquired Okawaru's first power
  4625 | D:5      | Reached skill level 9 in Long Blades
  4648 | D:4      | HP: 2/40 [poisoned by a worker ant]
  4954 | D:5      | Found a blossoming altar of Fedhas.
  5356 | D:5      | Reached skill level 10 in Long Blades
  5399 | D:5      | Reached XP level 8. HP: 37/44 MP: 11/11
  5411 | D:5      | Noticed Sigmund
  5494 | D:4      | HP: 2/44 [asphyx]
  5494 | D:4      | Asphyxiated

Action                   |  1- 3 |  4- 6 |  7- 9 || total
-------------------------+-------+-------+-------++-------
Melee: Long sword        |    78 |   217 |   159 ||   454
  Use: Potion            |       |     4 |     1 ||     5
       Scroll            |       |     1 |     2 ||     3
  Eat: Chunk             |     2 |     9 |     4 ||    15
